 Dungeon Sprint DCSS version 0.21.1-1-g345015f (webtiles) character file.

10511 Fang the Severer (level 11, -5/117 HPs)
             Began as a Minotaur Berserker on May 16, 2018.
             Was the Champion of Trog.
             Shot with an arrow by a deep elf archer (7 damage)
             ... in the Dungeon (Sprint V: "Ziggurat Sprint").
             The game lasted 00:05:49 (1445 turns).

Fang the Severer (Minotaur Berserker)               Turns: 1445, Time: 00:05:50

Health: -5/117     AC: 22    Str: 28    XL:     11   Next: 37%
Magic:  0/3        EV: 14    Int:  4    God:    Trog [******]
Gold:   0          SH:  0    Dex: 17    Spells: 10/10 levels left

rFire    + . .     SeeInvis +   I - +3 battleaxe (antimagic)
rCold    . . .     Gourm    .   (shield currently unavailable)
rNeg     . . .     Faith    .   C - +4 shadow dragon scales "Suyw" {rElec Stlth++++}
rPois    .         Spirit   +   (helmet restricted)
rElec    +         Reflect  .   (no cloak)
rCorr    .         Harm     .   j - +2 pair of gloves {Dex+3}
MR       .....     NoTele   +   (no boots)
Stlth    ++........             u - amulet "Fuekk" {Spirit rF+}
HPRegen  0.29/turn              G - ring of flight
MPRegen  0.08/turn              E - ring "Iny Lyst" {Str+2 Dex+5 SInv}

@: confused, lethally poisoned (-5 -> -47), berserk cooldown, slowed, very slow
A: retaliatory headbutt, horns 2
a: Berserk, Trog's Hand, Brothers in Arms, Burn Spellbooks, Renounce Religion,
Evoke Flight


You were in the Dungeon.
You worshipped Trog.
Trog was exalted by your worship.
You were very hungry.

You visited 1 branch

Inventory:

Hand Weapons
 l - a +5 demon trident of electrocution
 I - a +3 antimagic battleaxe (weapon)
Missiles
 B - 5 poisoned javelins
 K - 6 javelins of penetration (quivered)
Armour
 j - a +2 pair of gloves of dexterity (worn)
 C - the +4 shadow dragon scales "Suyw" (worn) {rElec Stlth++++}
   (You found it in the Dungeon)

   It insulates you from electricity.
   It makes you much more stealthy.
Jewellery
 a - a +4 ring of slaying
 u - the amulet "Fuekk" (around neck) {Spirit rF+}
   (You found it in the Dungeon)

   [amulet of guardian spirit]

   It causes incoming damage to be split between your health and magic.
   It protects you from fire.
 E - the ring "Iny Lyst" (right hand) {Str+2 Dex+5 SInv}
   (You found it in the Dungeon)

   [ring of strength]

   It affects your strength (+2).
   It affects your dexterity (+5).
   It lets you see invisible.
 G - a ring of flight (left hand)
Wands
 x - a wand of disintegration (7)
 y - a wand of iceblast (7)
 z - a wand of acid (7)
Scrolls
 i - 4 scrolls of blinking
 k - 2 scrolls of brand weapon
 m - 7 scrolls of fog
 n - a scroll of holy word
 o - 5 scrolls of identify
 p - 5 scrolls of remove curse
 q - 2 scrolls of fear
Potions
 d - 10 potions of curing
 e - 9 potions of heal wounds
 f - 10 potions of haste
 g - 7 potions of magic
 h - 3 potions of berserk rage
 r - 2 potions of brilliance
 s - 2 potions of invisibility
 t - 4 potions of resistance
 v - 6 potions of agility
 w - 5 potions of might
Miscellaneous
 b - a box of beasts
 A - a sack of spiders
 H - a phial of floods
Comestibles
 c - 7 rations


   Skills:
 + Level 17.3 Fighting
 + Level 17.6(19.3) Axes
 + Level 14.4(17.8) Polearms
 + Level 11.9 Armour
 + Level 8.7 Dodging
 + Level 3.2 Stealth


You had 10 spell levels left.
You didn't know any spells.

Dungeon Overview and Level Annotations

Branches:
Dungeon (1/1)

Altars:
Ashenzari
Cheibriados
Dithmenos
Elyvilon
Fedhas
Gozag
Hepliaklqana
Kikubaaqudgha
Makhleb
Nemelex Xobeh
Okawaru
Qazlal
Ru
Sif Muna
Trog
Uskayaw
Vehumet
Wu Jian
Xom
Yredelemnul
Zin
The Shining One
Beogh
Jiyva
Lugonu

Annotations:
D 1 transporter


Innate Abilities, Weirdness & Mutations

You reflexively headbutt those who attack you in melee.
You have a pair of horns on your head.


Message History

The deep elf archer shoots an arrow.
The arrow hits you.
* * * LOW HITPOINT WARNING * * *
The deep elf knight shoots an arrow.
The arrow closely misses you.
You see here 2 arrows.
You are too injured to fight recklessly!
You feel much better.
* * * LOW HITPOINT WARNING * * *
You feel very sick.
The deep elf knight shoots an arrow.
The arrow misses you.
The deep elf archer casts a spell at you.
You feel as though you will be slow longer.
The deep elf knight casts a spell at you.
The shard of ice hits you!
* * * LOW HITPOINT WARNING * * *
Unknown command.
* * * LOW HITPOINT WARNING * * *
You feel very sick.
The deep elf archer shoots an arrow.
The arrow hits you but does no damage.
The deep elf archer shoots an arrow.
The arrow hits you!
You die...

▓....)....▓.......▓
▓.........▓...)...▓
▓....©....▓...©...▓
▓▓▓▓▓▓▓▓▓▓▓▓▓▓▓▓▓▓▓▓▓
▓...8©8...▓...8©8...▓
▓..)(.[)e.▓..}..=}..▓
▓..}|:}|..▓...)||...▓
▓..e......▓.........▓
▓....)).@(▓.........▓
▓....)).e.▓.........▓
▓....)....▓.....)...▓
▓..(.)...(▓.▓.....▓.▓
▓.▓.)(..▓.▓....©....▓
▓(...©....▓▓▓▓▓▓▓▓▓▓▓
▓▓▓▓▓▓▓▓▓▓▓


You could see 2 deep elf archers and a deep elf knight.

Vanquished Creatures
  A fire dragon (D)
  2 dancing weapons (D)
  An ironbrand convoker (D)
  An ugly thing (D)
  3 deep elf magi (D)
  An orc sorcerer (D)
  2 black mambas (D)
  7 jumping spiders (D)
  A jumping spider (shapeshifter) (D)
  A hornet (D)
  2 tarantellas (D)
  A spriggan (D)
  A water elemental (D)
  2 nagas (D)
  A water moccasin (D)
  3 floating eyes (D)
  5 orc warriors (D)
  A black bear (D)
  4 wolves (D)
  4 scorpions (D)
  A wight (D)
  3 orc priests (D)
  4 orc wizards (D)
  An adder zombie (D)
  2 adder skeletons (D)
  A bat skeleton (D)
  A ball python (D)
  A giant cockroach zombie (D)
  2 leopard gecko skeletons (D)
  A quokka skeleton (D)
61 creatures vanquished.

Notes
Turn   | Place    | Note
-------+----------+-------------------------------------------
     0 | D        | Found the +6 Majin-Bo {vamp, Archmagi MP+6 Int+6}
     0 | D        | Found the +7 great mace "Firestarter" {inner flame, rF++}
     0 | D        | Fang the Minotaur Berserker began the quest for the Orb.
     0 | D        | Reached XP level 1. HP: 19/19 MP: 0/0
     3 | D        | Found a blossoming altar of Fedhas.
     4 | D        | Found a viscous altar of Jiyva.
     4 | D        | Found a hazy altar of Hepliaklqana.
     4 | D        | Found a transporter.
     4 | D        | Found an opulent altar of Gozag.
     4 | D        | Found an ancient bone altar of Kikubaaqudgha.
     4 | D        | Found a corrupted altar of Lugonu.
    10 | D        | Found a burning altar of Makhleb.
    11 | D        | Found a stormy altar of Qazlal.
    11 | D        | Found a sacrificial altar of Ru.
    11 | D        | Found an iron altar of Okawaru.
    11 | D        | Found a deep blue altar of Sif Muna.
    11 | D        | Found a sparkling altar of Nemelex Xobeh.
    11 | D        | Found a bloodstained altar of Trog.
    75 | D        | Entered arena 2.
    75 | D        | Found a transporter.
   224 | D        | Entered arena 3.
   224 | D        | Noticed a floating eye
   224 | D        | Noticed a floating eye
   224 | D        | Noticed a floating eye
   224 | D        | Found a transporter.
   228 | D        | Killed a floating eye
   228 | D        | Reached ** piety under Trog
   228 | D        | Reached skill level 1 in Polearms
   228 | D        | Reached XP level 2. HP: 34/34 MP: 1/1
   228 | D        | Reached XP level 3. HP: 39/39 MP: 2/2
   228 | D        | Reached XP level 4. HP: 47/47 MP: 3/3
   229 | D        | Paralysed by a floating eye for 3 turns
   233 | D        | Killed a floating eye
   233 | D        | Reached skill level 5 in Armour
   233 | D        | Reached XP level 5. HP: 57/57 MP: 4/4
   234 | D        | Killed a floating eye
   234 | D        | Reached skill level 5 in Dodging
   234 | D        | Reached XP level 6. HP: 66/66 MP: 5/5
   363 | D        | Entered arena 4.
   363 | D        | Found a transporter.
   366 | D        | Reached skill level 10 in Fighting
   366 | D        | Reached skill level 10 in Axes
   368 | D        | Reached *** piety under Trog
   371 | D        | Reached **** piety under Trog
   387 | D        | Got the cursed ring of Waqyal {+Inv rElec Str-3 SInv}
   393 | D        | Got the +4 shadow dragon scales "Suyw" {rElec Stlth++++}
   419 | D        | Entered arena 5.
   419 | D        | Noticed a jumping spider
   419 | D        | Noticed a jumping spider
   419 | D        | Noticed a jumping spider
   419 | D        | Found a transporter.
   424 | D        | Killed a jumping spider
   424 | D        | Reached XP level 7. HP: 75/75 MP: 6/6
   429 | D        | Killed a jumping spider
   433 | D        | Killed a jumping spider
   433 | D        | Reached XP level 8. HP: 85/85 MP: 7/7
   443 | D        | Reached XP level 9. HP: 93/93 MP: 8/8
   473 | D        | Entered arena 6.
   473 | D        | Noticed an ironbrand convoker
   473 | D        | Noticed a jumping spider
   473 | D        | Noticed a fire dragon
   473 | D        | Noticed a red ugly thing
   473 | D        | Found a transporter.
   480 | D        | Killed a red ugly thing
   480 | D        | Reached ***** piety under Trog
   480 | D        | Reached skill level 10 in Polearms
   484 | D        | Killed an ironbrand convoker
   484 | D        | Received a gift from Trog
   494 | D        | Killed a jumping spider
   501 | D        | Killed a fire dragon
   501 | D        | Reached XP level 10. HP: 54/104 MP: 9/9
   511 | D        | Got the amulet "Fuekk" {Spirit rF+}
   529 | D        | Got the ring of Ennotips {rElec Int+2 Dex+4}
   743 | D        | Entered arena 7.
   743 | D        | Noticed a black mamba
   743 | D        | Noticed a black mamba
   745 | D        | Found a transporter.
   751 | D        | Killed a black mamba
   751 | D        | Reached skill level 15 in Fighting
   753 | D        | Killed a black mamba
   753 | D        | Reached skill level 10 in Armour
   759 | D        | Reached ****** piety under Trog
   797 | D        | Received a gift from Trog
   806 | D        | Entered arena 8.
   815 | D        | Received a gift from Trog
   822 | D        | Found a transporter.
   854 | D        | Entered arena 9.
   855 | D        | Found a transporter.
   862 | D        | Received a gift from Trog
   890 | D        | Entered arena 10.
   892 | D        | Found a transporter.
   902 | D        | Received a gift from Trog
   932 | D        | Got the ring "Iny Lyst" {Str+2 Dex+5 SInv}
   938 | D        | Received a gift from Trog
   938 | D        | Received a gift from Trog
  1061 | D        | Entered arena 11.
  1062 | D        | Found a transporter.
  1069 | D        | Reached skill level 15 in Axes
  1083 | D        | Received a gift from Trog
  1400 | D        | Got the ring "Fuvomo" {rN+ MP+9 Dex+2}
  1416 | D        | Entered arena 12.
  1416 | D        | Noticed a deep elf mage
  1416 | D        | Noticed a deep elf knight
  1416 | D        | Noticed a battleaxe of venom
  1416 | D        | Noticed a deep elf archer
  1418 | D        | Noticed a halberd of venom
  1418 | D        | Noticed a deep elf mage
  1418 | D        | Noticed a deep elf archer
  1418 | D        | Noticed an orc sorcerer
  1418 | D        | Noticed a deep elf mage
  1419 | D        | Killed a deep elf mage
  1419 | D        | Reached XP level 11. HP: 116/116 MP: 3/10
  1420 | D        | Found a transporter.
  1425 | D        | Received a gift from Trog
  1427 | D        | Killed a battleaxe of venom
  1432 | D        | Killed a deep elf mage
  1433 | D        | Killed an orc sorcerer
  1433 | D        | Killed a halberd of venom
  1440 | D        | Killed a deep elf mage
  1440 | D        | Received a gift from Trog
  1445 | D        | HP: 2/117 [poisoned by a halberd of venom]
  1445 | D        | Shot with an arrow by a deep elf archer

Skill      XL: |  1  2  3  4  5  6  7  8  9 10 11 |
---------------+----------------------------------+-----
Fighting       | 7 9 11 12 13 14 16 17 | 17.3
Axes           | 7 9 11 12 13 16 17 | 17.6
Polearms       | 1 2 3 6 8 9 12 14 | 14.4
Armour         | 4 5 6 7 8 9 11 | 11.9
Dodging        | 3 4 5 6 7 8 |  8.7
Stealth        | 2 3 |  3.2

Action                   |  1- 3 |  4- 6 |  7- 9 | 10-12 || total
-------------------------+-------+-------+-------+-------++-------
Melee: Demon trident     |     3 |    14 |    33 |    14 ||    64
       Headbutt          |       |     2 |    12 |    10 ||    24
       Battleaxe         |       |       |       |    60 ||    60
Invok: Berserk           |     2 |     1 |     1 |     4 ||     8
       Burn Spellbooks   |       |       |       |     5 ||     5
  Use: Potion            |       |       |     1 |     1 ||     2
       Scroll            |       |       |       |     1 ||     1
  Eat: Chunk             |       |       |     2 |     6 ||     8
Armor: Shadow dragon sca |       |     2 |    28 |    58 ||    88
Dodge: Dodged            |       |     5 |    12 |    85 ||   102
